[Event "Early-Titled-Tuesday-Blitz-February-27-2024"]
[Site "Chess.com"]
[Date "2024.02.27"]
[Round "5"]
[White "Manukyan_Artak"]
[Black "kidagent"]
[Result "0-1"]
[WhiteElo "2479"]
[BlackElo "2334"]
[TimeControl "180+1"]
[EndTime "8:53:56 PST"]
[Termination "kidagent won on time"]

1. e4 c6 2. d4 d5 3. e5 Bf5 4. c4 e6 5. Nc3 Ne7 6. Nf3 Nd7 7. Nh4 dxc4 8. Bxc4 Nb6 9. Bb3 Qd7 10.
Bg5 O-O-O 11. Nxf5 exf5 12. Bxf7 Qxd4 13. Be6+ Kc7 14.
Qxd4 Rxd4 15. Bxe7 Bxe7 16. Bxf5 Nc4 17. O-O Nxe5 18. Rfe1 Bf6 19. Rad1 Rhd8 20. Bxh7 Rd2 21. Rxd2 Rxd2 22. Re2 Rd4 23. h3 Nc4 24. b3 Nd6 25. g3 b5 26. Kg2 a5 27. h4 a4 28. Rc2 Kb6 29. Ne2 Rd1 30. Nf4 axb3 31. axb3 c5 32.
Bg8 Bd4 33. Nd5+ Kb7 34. g4 Ne4 35. g5 Nxf2 36. Rxf2 Bxf2 37. Kxf2 c4 38. bxc4 bxc4 39. Ne3 Rd2+ 40. Ke1 c3 0-1

[Event "Early-Titled-Tuesday-Blitz-February-27-2024"]
[Site "Chess.com"]
[Date "2024.02.27"]
[Round "5"]
[White "MasterKroket"]
[Black "ScofieldMichael01"]
[Result "1-0"]
[WhiteElo "2471"]
[BlackElo "2594"]
[TimeControl "180+1"]
[EndTime "8:53:57 PST"]
[Termination "MasterKroket won by checkmate"]

1. e4 c5 2. Nf3 d6 3. d4 cxd4 4. Nxd4 Nf6 5. Nc3 Nc6 6. Be2 g6 7. Be3 Bg7 8. O-O O-O 9. h3 Bd7 10. Qd2 Rc8 11. f4 Re8 12. Nxc6 Bxc6 13. Bf3 Qa5 14.
Rae1 Nd7 15. Kh2 Bxc3 16. bxc3 Bb5 17. Rf2 Qxc3 18. Qd1 Qc4 19. e5 Bc6 20. Be2 Qxa2 21. Bd3 dxe5 22. f5 e4 23. fxg6 hxg6 24. Be2 Ne5 25.
Bd4 Qe6 26. Ref1 Red8 27. Qa1 f6 28. Bxe5 Qxe5+ 29. Qxe5 fxe5 30. Rf7 Rc7 31. Bc4 Bd5 32. Bxd5 Rxd5 33. Rf8+ Kg7 34. R1f7+ Kh6 35. h4 g5 36. Rh8+ Kg6 37. Rhh7 e3 38. h5# 1-0

[Event "Early-Titled-Tuesday-Blitz-February-27-2024"]
[Site "Chess.com"]
[Date "2024.02.27"]
[Round "5"]
[White "vladgoncharov"]
[Black "jamengrand"]
[Result "0-1"]
[WhiteElo "2643"]
[BlackElo "2400"]
[TimeControl "180+1"]
[EndTime "8:53:58 PST"]
[Termination "jamengrand won on time"]

1. d4 d5 2. c4 e6 3. Nc3 Nf6 4.
cxd5 Nxd5 5. e4 Nxc3 6. bxc3 c5 7. Rb1 Be7 8. Nf3 O-O 9. Be2 b6 10. O-O Bb7 11. Bd3 Nc6 12. Qe2 cxd4 13. cxd4 Nxd4 14. Nxd4 Qxd4 15. Bb2 Qa4 16. Qg4 g6 17. Qf4 Qa5 18.
Qh6 e5 19. Rfe1 Bf6 20. Bc4 Rac8 21. Bb3 Bg7 22. Qg5 Ba6 23. Rbc1 Bc4 24. Bc3 Qb5 25.
Rb1 Bxb3 26. Rxb3 Qa4 27. Qd2 Rfd8 28. Qe2 Qc4 29. Qf3 Rd3 30. Re3 Rcd8 31. h4 Bh6 32.
Rxd3 Rxd3 33. Qf6 Rd1+ 34. Kh2 Bf4+ 35. g3 Qf1 36. gxf4 Qxf2+ 0-1

[Event "Early-Titled-Tuesday-Blitz-February-27-2024"]
[Site "Chess.com"]
[Date "2024.02.27"]
[Round "5"]
[White "Pikku_Myy73"]
[Black "Kristof_08"]
[Result "1-0"]
[WhiteElo "2280"]
[BlackElo "2424"]
[TimeControl "180+1"]
[EndTime "8:53:58 PST"]
[Termination "Pikku_Myy73 won by resignation"]

1. d4 Nf6 2. Nf3 d5 3. g3 e6 4. Bg2 Be7 5. O-O O-O 6. c4 dxc4 7. Qc2 a6 8. a4 Bd7 9. Qxc4 Bc6 10. Bg5 Nbd7 11. Nc3 h6 12. Bxf6 Nxf6 13. b4 Bxf3 14. Bxf3 c6 15. Rfd1 Nd5 16. b5 cxb5 17. Qb3 Nxc3 18.
Qxc3 b4 19. Qd3 Qb6 20. a5 Qc7 21. e4 Rfd8 22. Qb3 b6 23. d5 exd5 24. exd5 Rd6 25. Rac1 Qd8 26. Qxb4 bxa5 27. Qa4 Rb8 28. Rc6 Rb4 29. Qc2 Rb8 30. Rc1 Qd7 31. Rc7 Qe8 32. Re1 Rd7 33. d6 Rxd6 34. Rexe7 Qd8 35. Rxf7 Qg5 36.
Rxg7+ Qxg7 37. Rxg7+ Kxg7 38. Qc7+ 1-0

[Event "Early-Titled-Tuesday-Blitz-February-27-2024"]
[Site "Chess.com"]
[Date "2024.02.27"]
[Round "5"]
[White "Ariadna_Atreides"]
[Black "Zheenbekov86"]
[Result "0-1"]
[WhiteElo "2202"]
[BlackElo "2423"]
[TimeControl "180+1"]
[EndTime "8:53:58 PST"]
[Termination "Zheenbekov86 won on time"]

1. d4 Nf6 2. Nf3 g6 3. c4 Bg7 4.
Nc3 O-O 5. e4 d6 6. h3 Nbd7 7.
Be3 e5 8. d5 a5 9. Bd3 b6 10.
Qd2 Nc5 11. g4 h5 12. gxh5 Nxh5 13. O-O-O a4 14. Kb1 Nf4 15. Bc2 a3 16. b3 Na6 17.
Rdg1 Nb4 18. h4 Nxc2 19. Kxc2 f5 20. Bxf4 exf4 21. Rxg6 fxe4 22. Rhg1 Rf7 23. Qd4 Qf8 24. Nxe4 Bf5 25. R6g5 Re8 26. Rxf5 Rxf5 27. Qd3 Kh8 28. Nfg5 Qe7 29. Ne6 Rg8 30. N4g5 Qf6 31. Rb1 Bh6 32. Qf3 Qg6 0-1

[Event "Early-Titled-Tuesday-Blitz-February-27-2024"]
[Site "Chess.com"]
[Date "2024.02.27"]
[Round "5"]
[White "Kopytkin"]
[Black "BozeKat"]
[Result "1-0"]
[WhiteElo "2458"]
[BlackElo "2151"]
[TimeControl "180+1"]
[EndTime "8:53:59 PST"]
[Termination "Kopytkin won by resignation"]

1. d4 Nf6 2. Bg5 c5 3. d5 Qb6 4.
Bc1 g6 5. Nc3 Bg7 6. e4 d6 7.
Nf3 O-O 8. h3 Qd8 9. Bc4 e6 10.
O-O exd5 11. Nxd5 Be6 12. Bg5 Nbd7 13. Re1 h6 14. Bf4 Ne8 15. c3 a6 16. a4 Rb8 17.
a5 b5 18. axb6 Nxb6 19. Nxb6 Rxb6 20. Qe2 Bxc4 21. Qxc4 Rxb2 22. Rxa6 Rc2 23. e5 dxe5 24. Nxe5 Nc7 25. Rxg6 Ne6 26. Rxe6 fxe6 27. Qxe6+ Kh8 28. Ng6+ Kh7 29. Nxf8+ Qxf8 30. Qe4+ Kh8 31. Qxc2 Qxf4 32. Re8+ Bf8 33. g3 Qf7 34. Qe4 Kg7 35. Qe5+ Kg8 36. Qe6 h5 37. Rxf8+ Kxf8 38. Qxf7+ Kxf7 39. f4 Ke6 40.
g4 Kd5 41. gxh5 Kc4 42. h6 Kxc3 43. h7 Kd2 44. h8=Q c4 45. f5 c3 46. f6 c2 47.
Qh6+ Kd1 48. f7 Ke2 49. f8=Q c1=Q+ 50. Qxc1 Kd3 51. Qd6+ Ke2 1-0

[Event "Early-Titled-Tuesday-Blitz-February-27-2024"]
[Site "Chess.com"]
[Date "2024.02.27"]
[Round "5"]
[White "Quattroporte300"]
[Black "BillCoe"]
[Result "1-0"]
[WhiteElo "2401"]
[BlackElo "2101"]
[TimeControl "180+1"]
[EndTime "8:53:59 PST"]
[Termination "Quattroporte300 won by resignation"]

1. e4 c5 2. Nc3 e6 3. Nf3 Nc6 4. Bb5 Nd4 5. Nxd4 cxd4 6. Ne2 e5 7. O-O Nf6 8. d3 Be7 9. f4 a6 10. Bc4 d6 11. fxe5 dxe5 12. Qe1 b5 13. Bb3 Qd7 14. Qg3 O-O 15. Qxe5 Rd8 16. h3 Bd6 17. Qg5 h6 18. Qh4 Be5 19. Bf4 Bxf4 20. Rxf4 g5 21. Qxh6 gxf4 22.
Qxf6 Ra7 23. Nxf4 Qd6 24. Qg5+ Kf8 25. Rf1 Ke8 26. Qg8+ Kd7 27. Qxf7+ Qe7 28. Be6+ Kc6 29. Bd5+ Kb6 30. Qxe7 Rxe7 31. g4 Bb7 32. Kg2 Rh8 33.
Kg3 Reh7 34. Bxb7 Kxb7 35. Nh5 Rc7 36. Rf2 Rhc8 37. g5 Rxc2 38. g6 R2c6 39. Nf6 R8c7 40.
h4 Rg7 41. h5 Kc8 42. Kg4 b4 43. Kg5 a5 44. h6 Re7 45. g7 Re5+ 46. Rf5 1-0

[Event "Early-Titled-Tuesday-Blitz-February-27-2024"]
[Site "Chess.com"]
[Date "2024.02.27"]
[Round "5"]
[White "secrethawk1"]
[Black "Brave_spirit12"]
[Result "0-1"]
[WhiteElo "2502"]
[BlackElo "2703"]
[TimeControl "180+1"]
[EndTime "8:54:00 PST"]
[Termination "Brave_spirit12 won on time"]

1. e4 e6 2. d4 d5 3. Nc3 Nf6 4. Bg5 dxe4 5. Nxe4 Be7 6. Bxf6 gxf6 7. Nf3 f5 8. Nc3 a6 9. Bd3 b5 10. O-O Bb7 11. Be2 b4 12. Na4 Rg8 13. Nc5 Bd5 14.
Qd3 Nd7 15. Nxd7 Qxd7 16. c4 Be4 17. Qe3 Rd8 18. Rad1 Bf6 19. d5 Qe7 20. dxe6 fxe6 21. Rxd8+ Qxd8 22. Rd1 Qe7 23. Ne1 Bxb2 24. Qh6 Rg7 25.
Bh5+ Kf8 26. f3 Bc6 27. Nd3 Bd4+ 28. Kh1 Qf6 29. Qxf6+ Bxf6 30. Nxb4 Ba4 31. Rd2 Bc3 0-1

[Event "Early-Titled-Tuesday-Blitz-February-27-2024"]
[Site "Chess.com"]
[Date "2024.02.27"]
[Round "5"]
[White "Defenstrator"]
[Black "Kotlyar_K"]
[Result "0-1"]
[WhiteElo "2408"]
[BlackElo "2574"]
[TimeControl "180+1"]
[EndTime "8:54:00 PST"]
[Termination "Kotlyar_K won by resignation"]

1. Nc3 Nf6 2. e4 d6 3. d4 g6 4. Bg5 Bg7 5. e5 Nfd7 6. Nd5 Nc6 7.
Bb5 h6 8. Bh4 g5 9. e6 fxe6 10.
Qh5+ Kf8 11. Nf4 gxf4 12. Ne2 Nf6 13. Qf3 e5 14. dxe5 dxe5 15. Rd1 Qe8 16. Qc3 Ne4 17. Qf3 Nd6 18. Ba4 Bd7 19. g3 Qg6 20. gxf4 e4 21. Qe3 Qh5 22. Bg3 Qa5+ 23. c3 Qxa4 24.
Rg1 Nf5 25. Qd2 Be6 26. Nc1 Rd8 27. Qe2 Qxd1+ 28. Qxd1 Rxd1+ 29. Kxd1 Kf7 30. Ne2 Rd8+ 31. Kc2 Bc4 32. Nc1 e3 33. fxe3 Nxe3+ 34. Kb1 Be6 0-1

[Event "Early-Titled-Tuesday-Blitz-February-27-2024"]
[Site "Chess.com"]
[Date "2024.02.27"]
[Round "5"]
[White "Nuvas"]
[Black "Ticoluis"]
[Result "0-1"]
[WhiteElo "2738"]
[BlackElo "2489"]
[TimeControl "180+1"]
[EndTime "8:54:00 PST"]
[Termination "Ticoluis won by checkmate"]

1. d4 Nf6 2. c4 g6 3. Nc3 Bg7 4. e4 d6 5. Be2 O-O 6. Bg5 c5 7.
d5 e6 8. Qd2 exd5 9. exd5 Qb6 10. Nf3 Bf5 11. Nh4 Ne4 12. Nxe4 Bxe4 13. f3 Qxb2 14. Rc1 Qxd2+ 15. Bxd2 Bf5 16. Nxf5 gxf5 17. Bd3 Nd7 18. Bxf5 Nb6 19. Kd1 Rfe8 20. h4 Bd4 21. h5 Be3 22. Rh4 Bxd2 23. Kxd2 h6 24. Rg4+ Kf8 25.
Rf4 Kg7 26. Rg4+ Kf8 27. Bd3 Re5 28. Rh1 Rae8 29. Rf4 Kg7 30. Rhh4 Rg5 31. g4 Nd7 32. Rh2 Ne5 33. Bf5 a6 34. a4 b5 35. cxb5 axb5 36.
axb5 Rb8 37. Kc3 Rxb5 38. Rf2 Ra5 39. Kb3 Rb5+ 40. Ka3 Kh8 41. Ra4 Rg8 42. f4 Nxg4 43. Re2 Nf6 44. Re7 Nxd5 45. Rxf7 Rg3+ 46. Ka2 Nc3+ 47. Ka3 Nb1+ 48. Ka2 Nc3+ 49. Ka3 Nxa4+ 50. Kxa4 Rb4+ 51. Ka5 Ra3# 0-1

[Event "Early-Titled-Tuesday-Blitz-February-27-2024"]
[Site "Chess.com"]
[Date "2024.02.27"]
[Round "5"]
[White "KorolDimitriy75"]
[Black "VladimirBugayev"]
[Result "1/2-1/2"]
[WhiteElo "2422"]
[BlackElo "2241"]
[TimeControl "180+1"]
[EndTime "8:54:00 PST"]
[Termination "Game drawn by repetition"]

1. d4 Nf6 2. c4 c5 3. d5 b5 4. Nd2 b4 5. b3 g6 6. Bb2 Bg7 7. e4 d6 8. Ngf3 O-O 9. h3 a5 10.
a4 e5 11. dxe6 Bxe6 12. Bd3 Nc6 13. O-O Qc7 14. Qc2 Ne5 15. Rad1 Nfd7 16. Be2 Nxf3+ 17. Nxf3 Ne5 18. Ng5 h6 19. Nf3 Rad8 20. Rfe1 f5 21. Nxe5 dxe5 22. Bf3 f4 23. Qe2 Rxd1 24. Rxd1 Rd8 25.
Rxd8+ Qxd8 26. Qd1 Qxd1+ 27. Bxd1 g5 28. Bg4 Bf7 29. Bd7 h5 30. f3 Kf8 31. Bc6 Ke7 32. Kf2 Be6 33. Bd5 Bd7 34. Ke2 g4 35. hxg4 hxg4 36.
Kf2 Bf6 37. Ke2 Kd6 38. Bc1 Bh4 39. Bd2 g3 40. Bc1 Bf6 41. Bd2 Bc8 42. Bc1 Bg5 43.
Bd2 Bh4 44. Bc1 Bh3 45. Kf1 Bd7 46. Ke2 Bh3 47. Kf1 Bd7 48. Ke2 1/2-1/2

[Event "Early-Titled-Tuesday-Blitz-February-27-2024"]
[Site "Chess.com"]
[Date "2024.02.27"]
[Round "5"]
[White "ArtemDyachuk"]
[Black "Zhigalko_Sergei"]
[Result "0-1"]
[WhiteElo "2693"]
[BlackElo "2916"]
[TimeControl "180+1"]
[EndTime "8:54:01 PST"]
[Termination "Zhigalko_Sergei won on time"]

1. e4 c5 2. Nf3 Nc6 3. Bb5 Nf6 4. Nc3 Qc7 5. O-O Nd4 6. Re1 a6 7. Bf1 e5 8. d3 h6 9. a4 d6 10. Nd2 Be7 11. a5 O-O 12. Nc4 Be6 13. Nb6 Rad8 14.
Ncd5 Nxd5 15. exd5 Bf5 16. c3 Nb5 17. Ra4 Bh7 18.
Be3 Kh8 19. d4 cxd4 20. cxd4 Bc2 21. Qh5 Bxa4 22. Bxh6 Bc2 23. Bg5+ Kg8 24. Rc1 Bxg5 25. Qxg5 Nxd4 26. Bd3 Qc5 27. Bxc2 Ne2+ 28. Kh1 Nxc1 29.
Qxc1 Rc8 0-1

[Event "Early-Titled-Tuesday-Blitz-February-27-2024"]
[Site "Chess.com"]
[Date "2024.02.27"]
[Round "5"]
[White "BallottiLuca"]
[Black "betta2004"]
[Result "0-1"]
[WhiteElo "2420"]
[BlackElo "2583"]
[TimeControl "180+1"]
[EndTime "8:54:01 PST"]
[Termination "betta2004 won on time"]

1. d4 Nf6 2. c4 c5 3. d5 a6 4.
a4 d6 5. Nc3 g6 6. e4 e6 7. Nge2 Bg7 8. Ng3 Qe7 9. Be2 a5 10.
Bg5 e5 11. h4 h6 12. Be3 Na6 13. Qd2 Nb4 14. f3 Bd7 15. h5 g5 16. Nf5 Bxf5 17. exf5 e4 18. O-O-O O-O-O 19. g4 exf3 20. Bxf3 Nd7 21. Rhe1 Ne5 22. Be2 Rhe8 23. Kb1 Qf6 24. Ne4 Qe7 25. Nc3 Nd7 26. Bd3 Be5 27. Re2 Nf6 28.
Rg1 Qd7 29. Bc2 Kb8 30. Nb5 Qe7 31. Qd1 Nd7 32. Rge1 Qf6 33. Bc1 Nb6 34. b3 Rg8 35. Re4 Rd7 36. R1e2 Re7 37. Qe1 Rge8 38. Bd1 Nd3 39.
Qd2 Nf4 40. Qxa5 Nc8 41. Re1 Nd3 42. R1e3 Nxc1 43. Kxc1 Bf4 44. Rxe7 Qxe7 0-1

[Event "Early-Titled-Tuesday-Blitz-February-27-2024"]
[Site "Chess.com"]
[Date "2024.02.27"]
[Round "5"]
[White "Kunalm64"]
[Black "dealshark"]
[Result "1-0"]
[WhiteElo "2579"]
[BlackElo "2403"]
[TimeControl "180+1"]
[EndTime "8:54:02 PST"]
[Termination "Kunalm64 won on time"]

1. e4 c6 2. d4 d5 3. e5 Bf5 4. h4 h5 5. Bd3 Bxd3 6. Qxd3 e6 7. Bg5 Ne7 8. Nf3 Nd7 9. Nbd2 f6 10. exf6 gxf6 11. Bf4 Kf7 12. O-O Bh6 13. Bxh6 Rxh6 14. Rfe1 Nf5 15. Rxe6 Kxe6 16. Re1+ Kf7 17. Qxf5 Nf8 18.
Re3 Kg7 19. Nf1 Qc7 20. Ng3 Qf7 21. Qf4 Rh7 22. Re7 Qxe7 23. Nf5+ Kf7 24. Nxe7 Kxe7 25.
Qc7+ Nd7 26. Qxb7 Rb8 27. Qxc6 Rxb2 28. Qxd5 Rb1+ 29. Kh2 Rg7 30. c4 Rb8 31. c5 Rd8 32. Qd6+ Ke8 33. c6 Nf8 34. Qxf6 Rf7 35. Qe5+ Re7 36.
Qxh5+ Rf7 37. Ne5 Rd7 38. cxd7+ 1-0

[Event "Early-Titled-Tuesday-Blitz-February-27-2024"]
[Site "Chess.com"]
[Date "2024.02.27"]
[Round "5"]
[White "Atousa"]
[Black "campochess"]
[Result "1-0"]
[WhiteElo "2469"]
[BlackElo "2192"]
[TimeControl "180+1"]
[EndTime "8:54:02 PST"]
[Termination "Atousa won by checkmate"]

1. e4 c5 2. Nf3 Nc6 3. d4 cxd4 4. Nxd4 e5 5. Nb5 a6 6. Nd6+ Bxd6 7. Qxd6 Qe7 8. Qd1 Nf6 9. Nc3 d6 10. Bg5 Be6 11. Be2 Rd8 12. O-O h6 13. Bxf6 Qxf6 14. Bg4 O-O 15. Bxe6 fxe6 16. Ne2 Qg6 17. Ng3 d5 18.
exd5 exd5 19. c3 Kh7 20. Qd2 d4 21. Rad1 dxc3 22. Qxc3 Nd4 23. Qe3 Rde8 24. Rc1 h5 25. Rc7 h4 26. Ne4 Rf4 27. Re1 Rg4 28. g3 Rf8 29. f4 Nf5 30. Qc5 Rg8 31. Qxe5 hxg3 32. h3 Qb6+ 33. Kg2 Nh4+ 34. Kf1 g2+ 35. Ke2 g1=Q 36.
Nf6+ Kh8 37. Qh5# 1-0

[Event "Early-Titled-Tuesday-Blitz-February-27-2024"]
[Site "Chess.com"]
[Date "2024.02.27"]
[Round "5"]
[White "averageFM"]
[Black "db-banana"]
[Result "0-1"]
[WhiteElo "2621"]
[BlackElo "2494"]
[TimeControl "180+1"]
[EndTime "8:54:03 PST"]
[Termination "db-banana won by resignation"]

1. d4 Nf6 2. Nc3 d5 3. e4 dxe4 4. f3 exf3 5. Nxf3 Bg4 6. h3 Bh5 7. g4 Bg6 8. Ne5 c6 9. Bg2 e6 10. O-O Bd6 11. Bg5 Be7 12. h4 h6 13. Nxg6 fxg6 14.
Bf4 O-O 15. Qd3 Nxg4 16. Qxg6 Qxd4+ 17. Kh1 Rxf4 18. Qxe6+ Kh8 19. Qc8+ Kh7 20. Rxf4 Qxf4 21. Be4+ g6 22. Bxg6+ Kxg6 23. Qg8+ Kf6 24. Qh8+ Kf7 25. Qh7+ Ke8 26. Qg8+ Kd7 27. Rd1+ Bd6 28. Qh7+ Kc8 29. Qg8+ Kc7 30. Qg7+ Nd7 31. Nb5+ cxb5 32. Qc3+ Nc5 0-1

[Event "Early-Titled-Tuesday-Blitz-February-27-2024"]
[Site "Chess.com"]
[Date "2024.02.27"]
[Round "5"]
[White "viktorgen2021"]
[Black "IMRosen"]
[Result "1-0"]
[WhiteElo "2523"]
[BlackElo "2692"]
[TimeControl "180+1"]
[EndTime "8:54:04 PST"]
[Termination "viktorgen2021 won on time"]

1. d4 d5 2. c4 e6 3. Nf3 Nf6 4. g3 dxc4 5. Qa4+ Bd7 6. Qxc4 c5 7. Bg2 Bc6 8. O-O b5 9. Qc2 Nbd7 10. dxc5 Bxc5 11. b4 Be4 12. Qb2 Bb6 13. Nc3 Bc6 14. a4 a6 15. Rd1 O-O 16. Bf4 Qc8 17. Rac1 Qb7 18. a5 Ba7 19. Ne1 Bxg2 20. Nxg2 Ng4 21. e3 e5 22. Bg5 f6 23. Bh4 g5 24. Nd5 Bb8 25. Qe2 h5 26. h3 gxh4 27. hxg4 h3 28.
gxh5 f5 29. Nh4 Bd6 30. Nxf5 Nf6 31. Nxd6 Qd7 32. Nxf6+ Rxf6 33. Ne4 Rd6 34. Nf6+ Rxf6 35. Rxd7 1-0

[Event "Early-Titled-Tuesday-Blitz-February-27-2024"]
[Site "Chess.com"]
[Date "2024.02.27"]
[Round "5"]
[White "ChessboArt"]
[Black "gm_rashid"]
[Result "1-0"]
[WhiteElo "2269"]
[BlackElo "2426"]
[TimeControl "180+1"]
[EndTime "8:54:04 PST"]
[Termination "ChessboArt won by checkmate"]

1. Nf3 Nf6 2. g3 g6 3. Bg2 Bg7 4. c4 O-O 5. Nc3 d6 6. O-O Nc6 7. Rb1 e5 8. d3 Nh5 9. b4 f5 10. Qb3 f4 11. c5+ Kh8 12. cxd6 cxd6 13. b5 Ne7 14. Ng5 Qe8 15. Ne6 Bxe6 16. Qxe6 Rf6 17.
Qb3 Rb8 18. Ne4 Rf8 19. Nxd6 Qd7 20. Nf7+ Kg8 21. Nh6+ Kh8 22. Nf7+ Rxf7 23. Qxf7 Rf8 24. Qb3 Nf5 25. Ba3 Re8 26. Qd5 Qc7 27. g4 Qa5 28. Bb4 Qb6 29. gxf5 gxf5 30. Qxb7 Qg6 31. Kh1 Bf6 32. Rg1 Qh6 33. Bf3 Ng7 34. Qf7 Rc8 35. Rbc1 Rd8 36. Rc6 Rg8 37. Rxf6 Qh4 38. Bf8 Nh5 39.
Qxg8# 1-0

[Event "Early-Titled-Tuesday-Blitz-February-27-2024"]
[Site "Chess.com"]
[Date "2024.02.27"]
[Round "5"]
[White "WiktoriaPOL"]
[Black "dianamirza"]
[Result "1-0"]
[WhiteElo "2252"]
[BlackElo "1990"]
[TimeControl "180+1"]
[EndTime "8:54:07 PST"]
[Termination "WiktoriaPOL won on time"]

1. c4 c5 2. Nf3 Nc6 3. Nc3 e6 4. d4 cxd4 5. Nxd4 Nf6 6. e4 Bc5 7. Nxc6 bxc6 8. e5 Ng8 9. Ne4 Bb4+ 10. Bd2 Be7 11. Bc3 f6 12. Nd6+ Bxd6 13. Qxd6 Qe7 14.
O-O-O fxe5 15. Qxe5 Nf6 16. a3 O-O 17. Bb4 c5 18. Bxc5 Qf7 19. Bxf8 Qxf8 20. f3 d5 21.
cxd5 exd5 22. Kb1 Bd7 23. Bd3 Re8 24. Qd4 Rb8 25. Ka1 Rb3 26. Bc2 Rb6 27. Rhe1 Be6 28. Re3 Ne8 29. Rde1 Nc7 30. Qd3 g6 31. Re5 Qf6 32.
Qc3 Qf4 33. Qxc7 Qd2 34. Rxe6 1-0

[Event "Early-Titled-Tuesday-Blitz-February-27-2024"]
[Site "Chess.com"]
[Date "2024.02.27"]
[Round "5"]
[White "MatthewG-p4p"]
[Black "DenLaz"]
[Result "0-1"]
[WhiteElo "2895"]
[BlackElo "3043"]
[TimeControl "180+1"]
[EndTime "8:54:09 PST"]
[Termination "DenLaz won on time"]

1. e4 c5 2. c3 Nf6 3. e5 Nd5 4. Nf3 d6 5. Bc4 Nb6 6. Bb3 c4 7. Bc2 dxe5 8. Nxe5 Qd5 9. Qe2 Qxg2 10. Be4 Qh3 11. Nxc4 Nxc4 12. Qxc4 g6 13. d4 Bg7 14.
Be3 O-O 15. Nd2 Nc6 16. O-O-O Be6 17. d5 Ne5 18. Qe2 Bf5 19. Kb1 Rfd8 20. Ka1 b5 21.
Bd4 Bxe4 22. Qxe4 Ng4 23. Rhg1 Bxd4 24. Qxd4 Nf6 25. Ne4 Nxd5 26. Qe5 Qe6 27. Qxe6 fxe6 28. Nc5 Nf4 29. Rde1 Rd6 30. Re4 Rf8 31. a4 Rf5 32.
Nb3 Nd3 33. axb5 Rxb5 34. Nc1 Ra6+ 35. Na2 Rxb2 0-1

[Event "Early-Titled-Tuesday-Blitz-February-27-2024"]
[Site "Chess.com"]
[Date "2024.02.27"]
[Round "5"]
[White "Doublekk14"]
[Black "chess_blitz00"]
[Result "1-0"]
[WhiteElo "2300"]
[BlackElo "2497"]
[TimeControl "180+1"]
[EndTime "8:54:09 PST"]
[Termination "Doublekk14 won on time"]

1. c4 d6 2. Nc3 Nf6 3. e4 e5 4. Nf3 Nc6 5. h3 Be7 6. d4 exd4 7. Nxd4 O-O 8. Be3 Bd7 9. Be2 Re8 10. O-O Bf8 11. Nxc6 Bxc6 12. f3 d5 13. cxd5 Nxd5 14. Nxd5 Bxd5 15. Qc2 Bc6 16. Bc4 Qf6 17. Rad1 Bd6 18.
Bd5 Bxd5 19. Rxd5 Rad8 20. Rf5 Qg6 21. Rg5 Qe6 22. b3 h6 23. Rd5 Qg6 24. Qf2 Bg3 25.
Qd2 Bd6 26. Qf2 c6 27. Rf5 Bg3 28. Qe2 Rd7 29. Bf4 Qxf5 30. Bxg3 Qf6 31. e5 Qe6 32. Rd1 1-0

[Event "Early-Titled-Tuesday-Blitz-February-27-2024"]
[Site "Chess.com"]
[Date "2024.02.27"]
[Round "5"]
[White "Alexchess1984"]
[Black "NewYearGirl"]
[Result "0-1"]
[WhiteElo "2727"]
[BlackElo "2375"]
[TimeControl "180+1"]
[EndTime "8:54:12 PST"]
[Termination "NewYearGirl won on time"]

1. e4 c5 2. Nf3 d6 3. d4 cxd4 4. Qxd4 Nc6 5. Bb5 Bd7 6. Bxc6 Bxc6 7. Nc3 h6 8. Be3 e5 9. Qd3 Nf6 10. O-O Qd7 11. Nd2 b5 12. Nb3 a5 13. Nd5 Bxd5 14.
exd5 a4 15. Nc1 Qb7 16. Rd1 Be7 17. Ne2 O-O 18. Ng3 Rfc8 19. b3 a3 20. c4 bxc4 21. bxc4 Ra4 22. Nf5 Bf8 23. Qb3 Qd7 24. Ng3 Raxc4 25.
Qxa3 Ng4 26. h3 Rc3 27. Qa7 R8c7 28. Qb6 Nxe3 29. fxe3 f5 30. Nf1 Be7 31. Qb4 R7c4 32.
Qb8+ Qc8 33. Qxc8+ Rxc8 34. a4 Ra8 35. Ra2 Bd8 36.
Kf2 Bb6 37. Ke2 Ra5 38. Kd2 Rcc5 39. Ke2 Rxd5 40. Rxd5 Rxd5 41. Nd2 Rc5 42. Nb3 Rc3 43. Nd2 Rxe3+ 44. Kd1 Ba5 45. Nc4 Rd3+ 46. Kc2 Rc3+ 47. Kb2 Rxc4 48. Kb3 Rb4+ 49. Ka3 d5 50. Rc2 Rc4 51. Rb2 Rc3+ 52. Ka2 d4 53. Rb5 Bc7 54. a5 Rc6 55. Kb3 d3 56. Rd5 e4 57. Kb4 Bxa5+ 58.
Kxa5 Rc2 59. Rxf5 d2 60. Rd5 e3 0-1

[Event "Early-Titled-Tuesday-Blitz-February-27-2024"]
[Site "Chess.com"]
[Date "2024.02.27"]
[Round "5"]
[White "aRk_iN"]
[Black "cthake"]
[Result "1-0"]
[WhiteElo "2242"]
[BlackElo "1818"]
[TimeControl "180+1"]
[EndTime "8:54:13 PST"]
[Termination "aRk_iN won by resignation"]

1. d4 Nf6 2. Bg5 c5 3. d5 d6 4. Nc3 g6 5. e4 Bg7 6. Nf3 O-O 7.
Be2 e6 8. O-O exd5 9. exd5 Re8 10.
Nd2 a6 11. a4 Nbd7 12. Nc4 Ne5 13. Nxe5 Rxe5 14. Bf4 Re8 15. h3 h5 16. Bc4 Bf5 17. f3 Re7 18. Qd2 Kh7 19. Rfe1 Rxe1+ 20. Rxe1 Qd7 21. g4 hxg4 22. hxg4 Bxg4 23. fxg4 Qxg4+ 24. Kh1 Nh5 25. Rf1 Qh3+ 26. Qh2 Qg4 27. Be2 Qf5 28. Bxd6 Qxc2 29. Bxh5 Qxh2+ 30. Kxh2 gxh5 31. Rxf7 Kg6 32. Rxb7 Rd8 33. Rb6 Kf5 34. Rxa6 Rxd6 35. Rxd6 Be5+ 36. Kh3 Bxd6 37. Kh4 Ke5 38. Kxh5 Kd4 39. a5 Kc4 40. a6 Bb8 41. d6 Bxd6 42. a7 Be5 43. a8=Q Bxc3 44.
bxc3 Kxc3 45. Qa1+ Kd3 46. Qc1 c4 47. Kg4 c3 48.
Kf3 c2 49. Kf2 Kc3 50. Ke2 Kb3 51. Kd2 Ka2 52. Qxc2+ 1-0

[Event "Early-Titled-Tuesday-Blitz-February-27-2024"]
[Site "Chess.com"]
[Date "2024.02.27"]
[Round "5"]
[White "NowInChess"]
[Black "HittingRookBottom"]
[Result "0-1"]
[WhiteElo "2247"]
[BlackElo "2020"]
[TimeControl "180+1"]
[EndTime "8:54:13 PST"]
[Termination "HittingRookBottom won on time"]

1. e4 c6 2. d4 d5 3. exd5 cxd5 4. c4 dxc4 5. Bxc4 Nf6 6. Nc3 e6 7. Nf3 Bb4 8. O-O O-O 9. Bg5 h6 10. Bh4 Bd7 11. Qe2 Re8 12. Ne5 Nc6 13. Rad1 g5 14. Bg3 Bxc3 15. bxc3 Nd5 16. Qd3 Nxe5 17. Bxe5 Bc6 18. Bb3 Qe7 19. Bc2 f5 20. g4 Rf8 21.
gxf5 exf5 22. Rfe1 Qd7 23. Qh3 Kh7 24. Bb1 Nf4 25.
Bxf4 gxf4 26. Kf1 Bb5+ 27. Bd3 Bxd3+ 28. Rxd3 Rf6 29. Re5 Raf8 30. Rd1 Qc6 31. Qg2 Qxg2+ 32.
Kxg2 Rg8+ 33. Kf3 Rc6 34. Rc1 Kg6 35. Kxf4 Kf6 36. c4 Rg4+ 37. Kf3 Rd6 38. Rd5 Rxd4 0-1

[Event "Early-Titled-Tuesday-Blitz-February-27-2024"]
[Site "Chess.com"]
[Date "2024.02.27"]
[Round "5"]
[White "FARIZA2018"]
[Black "starworld123"]
[Result "0-1"]
[WhiteElo "2594"]
[BlackElo "2836"]
[TimeControl "180+1"]
[EndTime "8:54:14 PST"]
[Termination "starworld123 won by resignation"]

1. e4 d6 2. d4 g6 3. Nc3 Bg7 4. Be3 a6 5. a4 Nf6 6. f3 Nc6 7. Qd2 O-O 8. h4 h5 9. Nge2 Re8 10. Bg5 e5 11. O-O-O exd4 12. Nxd4 Nxd4 13. Qxd4 Be6 14. Qd2 Qd7 15. Kb1 b5 16. a5 b4 17.
Nd5 Nxd5 18. exd5 Bf5 19. Bd3 b3 20. cxb3 Rab8 21. Qc2 Bxd3 22. Rxd3 Rb5 23. Bd2 Qf5 24. Bc3 Rxb3 25. Rhd1 Rb5 26. Bxg7 Kxg7 27. Rc3 Rxd5 28. Rxd5 Qxd5 29. Rd3 Re1+ 0-1

[Event "Early-Titled-Tuesday-Blitz-February-27-2024"]
[Site "Chess.com"]
[Date "2024.02.27"]
[Round "5"]
[White "PavelShkapenko"]
[Black "ridnani1"]
[Result "1-0"]
[WhiteElo "2764"]
[BlackElo "2415"]
[TimeControl "180+1"]
[EndTime "8:54:14 PST"]
[Termination "PavelShkapenko won by resignation"]

1. e4 c6 2. d4 d5 3. e5 c5 4.
dxc5 e6 5. a3 Bxc5 6. b4 Bb6 7.
Qg4 Ne7 8. Nf3 Ng6 9. h4 h5 10.
Qg3 O-O 11. Bd3 Nc6 12. O-O a5 13. b5 Nd4 14. Nbd2 Nf5 15. Bxf5 exf5 16. Nb3 Bd7 17.
a4 Rc8 18. Bg5 Qc7 19. Nfd4 Bxd4 20. Nxd4 Qxe5 21. Qxe5 Nxe5 22. Rfe1 Rfe8 23. Bf4 Ng6 24. Bd2 Nxh4 25. Bxa5 Rxe1+ 26. Bxe1 f4 27. a5 Nf5 28. Nxf5 Bxf5 29. Bd2 Rxc2 30. Bxf4 d4 31. a6 bxa6 32. bxa6 Be4 33. a7 Rc8 34. Bb8 d3 35. f3 Ba8 36.
Kf2 Rc2+ 37. Kg3 d2 38. Rd1 g5 39. Kf2 Ra2 40. Ke3 g4 41. fxg4 hxg4 42. g3 Ra3+ 43. Kxd2 Kf8 44. Bd6+ Ke8 45. Bxa3 1-0